 Dungeon Crawl Stone Soup version 0.21.0-37-g46506fa (webtiles) character file.

67972 Wehk the Grappler (level 15, -9/163 HPs)
             Began as an Ogre Transmuter on Jan 31, 2018.
             Was a High Priest of Cheibriados.
             Killed from afar by an orc knight (24 damage)
             ... with an exploding inner flame
             ... hexed by the player character
             ... on level 2 of the Orcish Mines on Feb 1, 2018.
             The game lasted 01:56:34 (28767 turns).

Wehk the Grappler (Ogre Transmuter)                Turns: 28767, Time: 01:56:35

Health: -9/163     AC:  2    Str: 31    XL:     15   Next: 25%
Magic:  7/36       EV: 24    Int: 30    God:    Cheibriados [*****.]
Gold:   1651       SH:  2    Dex: 27    Spells: 11/30 levels left

rFire    + . .     SeeInvis .     - Unarmed
rCold    . . .     Gourm    .   (shield currently unavailable)
rNeg     + . .     Faith    .   (armour currently unavailable)
rPois    x         Spirit   .   (helmet currently unavailable)
rElec    .         Reflect  +   (cloak currently unavailable)
rCorr    .         Harm     .   (gloves unavailable)
MR       +....                  (boots unavailable)
Stlth    ++........             x - amulet "Gagygub" {Reflect rN+ SH+2}
HPRegen  1.37/turn              O - ring of protection from fire
MPRegen  0.25/turn              R - ring of magical power

@: lethally poisoned (-9 -> -10), spider-form, regenerating, very slow
A: tiny, unfitting armour, dopey 1, wild magic 1
a: End Transformation, Bend Time, Temporal Distortion, Slouch, Step From Time,
Renounce Religion


You were on level 2 of the Orcish Mines.
You worshipped Cheibriados.
Cheibriados was extremely pleased with you.
You were not hungry.
You were a venomous arachnid creature.
You visited 4 branches of the dungeon, and saw 21 of its levels.
You also visited: Ossuary and Ice Cave.

You collected 1735 gold pieces.
You spent 84 gold pieces at shops.

Inventory:

Hand Weapons
 u - a +0 blowgun
Missiles
 M - 41 tomahawks (quivered)
 W - 6 javelins
Armour
 c - a +2 robe of magic resistance (melded)
 q - a +2 cloak of cold resistance (melded)
Jewellery
 n - an uncursed amulet of harm {unknown}
 x - the amulet "Gagygub" (around neck) {Reflect rN+ SH+2}
   (You acquired it on level 4 of the Dungeon)

   [amulet of reflection]

   It shields you and reflects attacks.
   It protects you from negative energy.
   It affects your SH (+2).
 O - a ring of protection from fire (left front leg)
 Q - an uncursed ring of positive energy
 R - a ring of magical power (right front leg)
 T - a cursed amulet of inaccuracy {unknown}
Wands
 y - a wand of paralysis (13)
 B - a wand of enslavement (25)
 D - a wand of digging (24)
 F - a wand of disintegration (7)
 N - a wand of iceblast (33)
 Z - a wand of flame (26)
Scrolls
 g - 4 scrolls of amnesia
 l - 6 scrolls of random uselessness {unknown}
 m - 11 scrolls of remove curse
 o - 4 scrolls of enchant armour
 p - a scroll of fog
 A - 5 scrolls of enchant weapon {unknown}
 C - a scroll of immolation
 G - a scroll of silence
 L - 3 scrolls of fear {unknown}
Potions
 h - 3 potions of resistance
 i - a potion of flight
 k - a potion of cancellation
 t - a potion of lignification
 v - 5 potions of mutation
 w - 4 potions of curing
 P - 2 potions of brilliance
Books
 E - a book of Necromancy

   Spells                             Type                      Level
   a - Pain                           Necromancy                   1
   b - Animate Skeleton               Necromancy                   1
   c - Vampiric Draining              Necromancy                   3
   d - Regeneration                   Charms/Necromancy            3
   e - Animate Dead                   Necromancy                   4
   f - Borgnjor's Vile Clutch         Necromancy/Earth             5
Miscellaneous
 S - a sack of spiders
Comestibles
 d - 31 rations


   Skills:
 - Level 14.0 Fighting
 - Level 4.0 Dodging
 - Level 14.0 Unarmed Combat
 + Level 8.3 Spellcasting
 - Level 7.0 Necromancy
 - Level 11.4 Transmutations
 - Level 2.1 Ice Magic
 - Level 7.0 Invocations
 - Level 5.0 Evocations


You had 11 spell levels left.
You knew the following spells:

 Your Spells              Type           Power        Failure   Level  Hunger
b - Sticks to Snakes      Tmut           #######.     2%          2    None
c - Ice Form              Ice/Tmut       ######..     14%         4    #......
d - Vampiric Draining     Necr           ######....   7%          3    None
r - Regeneration          Chrm/Necr      #####.....   16%         3    None
s - Spider Form           Tmut/Pois      ######....   10%         3    None
A - Animate Dead          Necr           N/A          13%         4    #......


Dungeon Overview and Level Annotations

Branches:
Dungeon (12/15)            Temple (1/1) D:7            Lair (6/6) D:11
  Swamp (0/4) Lair:2       Spider (0/4) Lair:3        Slime (0/5) Lair:5
    Orc (2/2) D:12            Elf (0/3) Orc:2

Altars:
Cheibriados
Dithmenos
Elyvilon
Fedhas
Gozag
Hepliaklqana
Kikubaaqudgha
Makhleb
Okawaru
Qazlal
Sif Muna
Trog
Vehumet
Xom
Zin
The Shining One
Beogh
Jiyva

Shops:
D:7 ?

Annotations:
D:1 exclusion: 3 downstairs
D:2 exclusion: downstairs, Terence
D:3 exclusion: downstairs
D:4 exclusion: downstairs
D:10 pk666's ghost, novice MiBe
D:11 exclusion: downstairs


Innate Abilities, Weirdness & Mutations

You are too large for most types of armour.
((You have tough skin. (AC +1)))
((You have sharp fingernails.))
You are dopey. (Int -2)
Your spells are a little harder to cast, but a little more powerful.


Message History

Confirm with . or Enter, or press ? or * to list all spells.
Aiming: Vampiric Draining
Press: ? - help, Shift-Dir - straight line, f/p - orc knight
Aim: an orc knight, wielding a war axe of venom and wearing a runed plate armour (almost dead, unusually strong, inner flame)
The orc knight is almost dead.
You feel life coursing into your body. The crimson imp completely misses you.
The orc knight roars a battlecry!
The orc knight hits you with a war axe of venom!!
* * * LOW HITPOINT WARNING * * *
You are poisoned.
Casting: Vampiric Draining
Confirm with . or Enter, or press ? or * to list all spells.
Aiming: Vampiric Draining
Press: ? - help, Shift-Dir - straight line, f/p - orc knight
Aim: an orc knight, wielding a war axe of venom and wearing a runed plate armour (almost dead, unusually strong, inner flame)
The orc knight explodes!
The fiery explosion engulfs the crimson imp.
The crimson imp completely resists.
The fiery explosion engulfs you! You resist.
You die...

.. .. ## ####### #. ..##
###.....### #. ....##
###.........####. ......#
##.............##.
......4###...............#.
.#.#o#4#.#s#.#.#.#.#.#.#.#.
...o4oo§§5§§........)......
...34oo#§#.§........).).)))
...5ooo§§............)..)).
o#.#4#o#.#.#.#.#.#.#.#.#)#)
.oo###...............#.
...o# ##.............##.
....## ###.........####.
..## ###.....### #.


You could see an orc knight (inner flame), 3 orc high priests, an ice devil, a
neqoxec, a chaos spawn, 5 orc warriors, 2 orc priests, a crimson imp and an
ufetubus.

Vanquished Creatures
  Rupert (D:12)
  A frost giant (IceCv)
  2 orc warlords (Orc:2)
  A stone giant (Orc:1)
  The ghost of tidbits the Thaumaturge, a journeyman GnEE of Cheibriados (Orc:2)
  The ghost of Ratty the Markscentaur, a journeyman CeBe of Trog (D:11)
  Fannar (Lair:3)
  Erolcha (D:12)
  Harold (Orc:1)
  5 hydras
  2 two-headed ogres (D:8)
  2 orc high priests (Orc:2)
  2 unseen horrors
  Pikel (D:5)
  6 orc knights (Orc:2)
  An ugly thing (D:12)
  A cyclops (D:12)
  2 manticores
  19 elephants
  A black mamba (Lair:6)
  An ice statue (IceCv)
  9 spiny frogs
  A gargoyle (D:10)
  A rime drake (Lair:3)
  A demonic crawler (Lair:3)
  A komodo dragon (Lair:2)
  20 polar bears
  3 hornets (Lair:6)
  A troll (D:11)
  2 slime creatures (D:12)
  17 hippogriffs
  8 dream sheep
  Prince Ribbit (D:6)
  10 spriggans (Lair:6)
  37 yaks
  A basilisk (Lair:1)
  A hungry ghost (D:9)
  3 vampire mosquitoes (D:11)
  4 wargs (Orc:2)
  A steam dragon (Lair:3)
  2 insubstantial wisps (D:11)
  Menkaure (D:6)
  An acid dragon (D:12)
  Edmund (D:6)
  8 water moccasins
  7 porcupines
  2 ice beasts
  30 orc warriors
  A necrophage (D:8)
  2 sky beasts
  2 black bears
  27 wolves
  4 slaves (D:5)
  7 centaurs
  8 boggarts (Lair:6)
  9 ogres
  8 crocodiles
  2 big kobolds
  11 bullfrogs
  Dowan (D:6)
  2 water moccasin zombies
  3 scorpions
  4 killer bees (D:8)
  3 spriggan skeletons (D:9)
  4 howler monkeys
  4 electric eels
  7 crimson imps
  A lava snake (Lair:6)
  Crazy Yiuf (D:4)
  2 bullfrog zombies
  A centaur zombie (D:11)
  31 orc priests
  6 hounds
  4 jellies
  A quasit (D:10)
  6 centaur skeletons
  3 iguanas
  2 bullfrog skeletons
  13 orc wizards
  11 worker ants
  12 mummies (Ossuary)
  3 hound skeletons
  Robin (D:2)
  9 adders
  A howler monkey skeleton (D:6)
  3 shadow imps (D:12)
  3 oozes
  An adder skeleton (D:6)
  A worm (D:5)
  2 dart slugs
  5 leopard geckos
  79 orcs
  A ball python (D:4)
  9 giant cockroaches
  10 hobgoblins
  8 jackals
  17 kobolds
  7 quokkas
  5 bats
  3 frilled lizards
  2 gnoll skeletons (Ossuary)
  13 goblins
  3 goblin skeletons (Ossuary)
  A jackal skeleton (D:7)
  2 kobold skeletons (Ossuary)
  An orc skeleton (Ossuary)
  3 quokka skeletons
  9 rats
  11 rat skeletons (Ossuary)
643 creatures vanquished.

Vanquished Creatures (collateral kills)
  2 hydras
  A catoblepas (Lair:3)
  2 spriggans (Lair:6)
  The ghost of troglodite the Skirmisher, a novice DsBe of Trog (D:5)
  A slime creature (D:12)
  7 elephants
  A black mamba (Lair:6)
  A spiny frog (Lair:6)
  3 polar bears
  A hornet (Lair:6)
  2 dream sheep
  5 yaks
  A basilisk (Lair:6)
  Duvessa (D:6)
  2 water moccasins
  An orc warrior (Orc:2)
  2 wolves
  An ogre (Orc:1)
  A boggart (Lair:6)
  A bullfrog (D:12)
  2 hounds (D:11)
  2 orc priests (Orc:2)
  4 orc wizards
  2 adders (D:2)
  A worm (D:2)
  16 orcs
  A bat (D:2)
  2 goblins (D:2)
  A jackal (D:2)
  2 kobolds (D:7)
  3 fungi
  2 plants (Lair:6)
75 creatures vanquished.

Vanquished Creatures (others)
  An orc (Orc:2)
  13 fungi
  5 plants (Lair:6)
19 creatures vanquished.

Grand Total: 737 creatures vanquished

Notes
Turn   | Place    | Note
-------+----------+-------------------------------------------
     0 | D:1      | Wehk the Ogre Transmuter began the quest for the Orb.
     0 | D:1      | Reached XP level 1. HP: 19/19 MP: 3/3
   265 | D:1      | Reached XP level 2. HP: 27/27 MP: 3/5
   318 | D:1      | Learned a level 2 spell: Sticks to Snakes
   798 | D:2      | Noticed Terence
   901 | D:2      | Reached XP level 3. HP: 23/36 MP: 3/7
  1275 | D:1      | Reached XP level 4. HP: 25/45 MP: 0/8
  1638 | D:2      | Noticed Robin
  1946 | D:2      | Killed Robin
  2607 | D:3      | Reached XP level 5. HP: 52/53 MP: 9/9
  3952 | D:4      | Noticed a centaur
  3987 | D:4      | Found a sand-covered staircase.
  4008 | Ossuary  | Entered an ossuary
  4110 | Ossuary  | Reached XP level 6. HP: 57/61 MP: 10/10
  4115 | Ossuary  | Learned a level 3 spell: Spider Form
  4639 | Ossuary  | Identified a scroll of acquirement
  5026 | D:4      | Reached skill level 5 in Transmutations
  5194 | D:4      | Reached XP level 7. HP: 42/67 MP: 8/13
  5310 | D:4      | Got a crude tin amulet
  5311 | D:4      | Identified the amulet "Gagygub" {Reflect rN+ SH+2} (You acquired it on level 4 of the Dungeon)
  5383 | D:4      | Found a runed door.
  5960 | D:4      | Noticed Crazy Yiuf
  5967 | D:4      | Killed Crazy Yiuf
  6044 | D:5      | Entered Level 5 of the Dungeon
  6082 | D:5      | Reached skill level 5 in Unarmed Combat
  6455 | D:5      | Noticed troglodite's ghost (novice DsBe)
  6840 | D:5      | Killed troglodite's ghost
  6840 | D:5      | Reached XP level 8. HP: 16/75 MP: 3/14
  7181 | D:5      | Noticed Pikel
  7602 | D:5      | Killed Pikel
  7602 | D:5      | Reached XP level 9. HP: 78/81 MP: 8/19
  8001 | D:6      | Noticed Prince Ribbit
  8010 | D:6      | Killed Prince Ribbit
  8018 | D:6      | Noticed Duvessa
  8020 | D:6      | Noticed Dowan
  8027 | D:6      | Killed Duvessa
  8324 | D:6      | Killed Dowan
  8390 | D:6      | Noticed Menkaure
  8400 | D:6      | Killed Menkaure
  9161 | D:6      | Noticed Edmund
  9175 | D:6      | Killed Edmund
  9175 | D:6      | Reached skill level 5 in Fighting
  9452 | D:7      | Found a staircase to the Ecumenical Temple.
  9467 | Temple   | Entered the Ecumenical Temple
  9473 | Temple   | Became a worshipper of Cheibriados the Contemplative
  9846 | D:7      | Found Vyit's Magic Scroll Shoppe.
  9872 | D:7      | Bought a scroll of magic mapping for 42 gold pieces
  9872 | D:7      | Bought a scroll of amnesia for 42 gold pieces
  9956 | D:7      | Reached * piety under Cheibriados
 10543 | D:8      | Reached XP level 10. HP: 83/106 MP: 11/20
 11078 | D:8      | Reached skill level 10 in Fighting
 11217 | D:8      | Found a blossoming altar of Fedhas.
 11217 | D:8      | Found a deep blue altar of Sif Muna.
 11218 | D:8      | Found an ancient bone altar of Kikubaaqudgha.
 11225 | D:8      | Found an opulent altar of Gozag.
 11225 | D:8      | Found an iron altar of Okawaru.
 11225 | D:8      | Found a glowing silver altar of Zin.
 11227 | D:8      | Noticed a two-headed ogre
 11252 | D:8      | Killed a two-headed ogre
 11252 | D:8      | Reached ** piety under Cheibriados
 11528 | D:8      | Noticed a two-headed ogre
 11568 | D:8      | Killed a two-headed ogre
 12041 | D:9      | Found a radiant altar of Vehumet.
 12041 | D:9      | Found a burning altar of Makhleb.
 12079 | D:9      | Learned a level 4 spell: Ice Form
 12763 | D:9      | Killed an unseen horror
 12935 | D:9      | Reached XP level 11. HP: 117/117 MP: 14/21
 13068 | D:10     | Entered Level 10 of the Dungeon
 13074 | D:10     | Reached *** piety under Cheibriados
 13085 | D:10     | Killed an unseen horror
 13100 | D:10     | Noticed pk666's ghost (novice MiBe)
 13668 | D:10     | Found a shimmering altar of Xom.
 13668 | D:10     | Found a shimmering altar of Xom.
 13670 | D:10     | Found a shimmering altar of Xom.
 13705 | D:10     | Reached **** piety under Cheibriados
 13982 | D:11     | Noticed Ratty's ghost (journeyman CeBe)
 13993 | D:11     | Killed Ratty's ghost
 13993 | D:11     | Reached skill level 10 in Transmutations
 14183 | D:11     | Noticed a manticore
 14206 | D:11     | Killed a manticore
 14322 | D:11     | Learned a level 3 spell: Regeneration
 14503 | D:11     | Found a staircase to the Lair.
 14876 | D:11     | Reached skill level 1 in Necromancy
 15738 | D:12     | Noticed Rupert
 15739 | D:12     | Paralysed by Rupert for 3 turns
 15745 | D:12     | Reached ***** piety under Cheibriados
 16093 | D:12     | Noticed a cyan ugly thing
 16108 | D:12     | Killed a cyan ugly thing
 16452 | D:12     | Noticed a manticore
 16464 | D:12     | Killed a manticore
 16688 | D:12     | Noticed Erolcha
 16695 | D:12     | Killed Erolcha
 16695 | D:12     | Reached skill level 5 in Necromancy
 16722 | D:12     | Killed Rupert
 16722 | D:12     | Reached skill level 10 in Unarmed Combat
 16722 | D:12     | Reached XP level 12. HP: 63/126 MP: 10/22
 17104 | D:12     | Found a staircase to the Orcish Mines.
 17129 | D:12     | Found a roughly hewn altar of Beogh.
 17566 | Lair:1   | Entered Level 1 of the Lair of Beasts
 18862 | Lair:2   | Found a staircase to the Swamp.
 18915 | Lair:2   | Reached skill level 1 in Invocations
 19577 | Lair:3   | Noticed a five-headed hydra
 19586 | Lair:3   | Killed a five-headed hydra
 19822 | Lair:3   | Reached skill level 5 in Invocations
 19826 | Lair:3   | Reached XP level 13. HP: 130/133 MP: 23/23
 19943 | Lair:3   | Found a hole to the Spider Nest.
 19947 | Lair:3   | Reached ****** piety under Cheibriados
 20730 | Lair:3   | Noticed Fannar
 20739 | Lair:3   | Killed Fannar
 20829 | Lair:4   | Learned a level 4 spell: Animate Dead
 22129 | Lair:5   | Found a runed door.
 22130 | Lair:5   | Found a viscous altar of Jiyva.
 22130 | Lair:5   | Found a staircase to the Slime Pits.
 22936 | Lair:6   | Entered Level 6 of the Lair of Beasts
 23183 | Lair:6   | Found a frozen archway.
 23206 | IceCv    | Entered an ice cave
 23342 | IceCv    | Reached XP level 14. HP: 112/148 MP: 24/24
 23914 | IceCv    | Noticed a frost giant
 23942 | IceCv    | Killed a frost giant
 24276 | IceCv    | Got a pitted battleaxe
 25004 | Lair:6   | Identified the +6 battleaxe of Peril {flame, rElec rC+} (You found it in an ice cave)
 25398 | Lair:6   | Reached skill level 1 in Ice Magic
 26412 | Orc:1    | Entered Level 1 of the Orcish Mines
 26412 | Orc:1    | Noticed Harold
 26433 | Orc:1    | Noticed a stone giant
 26434 | Orc:1    | Killed Harold
 26444 | Orc:1    | Killed a stone giant
 26777 | Orc:2    | Entered Level 2 of the Orcish Mines
 26777 | Orc:2    | Noticed an orc warlord
 26794 | Orc:2    | Reached skill level 1 in Evocations
 27100 | Orc:2    | Noticed tidbits's ghost (journeyman GnEE)
 27109 | Orc:2    | Killed tidbits's ghost
 27210 | Orc:2    | Found a staircase to the Elven Halls.
 27258 | Orc:2    | Gained mutation: You have sharp fingernails. [potion of mutation]
 27258 | Orc:2    | Gained mutation: You are dopey. (Int -2) [potion of mutation]
 27258 | Orc:2    | Gained mutation: Your spells are a little harder to cast, but a little more powerful. [potion of mutation]
 27269 | Orc:2    | Killed an orc warlord
 27269 | Orc:2    | Reached XP level 15. HP: 45/163 MP: 13/25
 27680 | Orc:2    | Noticed an orc warlord
 27770 | Orc:2    | Learned a level 3 spell: Vampiric Draining
 27973 | Orc:2    | Killed an orc warlord
 28204 | Orc:2    | Reached skill level 5 in Evocations
 28767 | Orc:2    | Killed from afar by an orc knight

Skill      XL: |  1  2  3  4  5  6  7  8  9 10 11 12 13 14 15 |
---------------+----------------------------------------------+-----
Transmutations | 2 4 5 7 8 10 11 | 11.4
Spellcasting   | 3 4 7 8 |  8.3
Unarmed Combat | 3 4 7 9 10 12 14 | 14.0
Fighting       | 2 3 8 10 11 14 | 14.0
Dodging        | 2 4 |  4.0
Necromancy     | 5 7 |  7.0
Invocations    | 5 7 |  7.0
Ice Magic      | 2 |  2.1
Evocations     | 3 5 |  5.0

Action                   |  1- 3 |  4- 6 |  7- 9 | 10-12 | 13-15 || total
-------------------------+-------+-------+-------+-------+-------++-------
Melee: Unarmed           |   108 |   342 |   327 |   451 |   588 ||  1816
       Kick              |    13 |    21 |     6 |       |       ||    40
       Headbutt          |     2 |    16 |     9 |     2 |       ||    29
       Punch             |     1 |     4 |     1 |     1 |     2 ||     9
       Blowgun           |       |       |       |     2 |       ||     2
 Fire: Hunting sling     |       |     4 |       |       |       ||     4
       Blowgun           |       |       |    14 |    56 |       ||    70
Throw: Tomahawk          |       |       |       |    12 |     5 ||    17
       Throwing net      |       |       |       |     1 |     4 ||     5
 Cast: Beastly Appendage |    19 |    36 |    15 |     4 |       ||    74
       Sticks to Snakes  |     9 |     3 |    33 |    41 |    53 ||   139
       Spider Form       |       |    16 |    42 |    18 |    15 ||    91
       Ice Form          |       |       |       |    45 |    48 ||    93
       Regeneration      |       |       |       |    20 |    51 ||    71
       Animate Dead      |       |       |       |       |    48 ||    48
       Vampiric Draining |       |       |       |       |    13 ||    13
Invok: Slouch            |       |       |       |       |     8 ||     8
       Step From Time    |       |       |       |       |     1 ||     1
 Abil: End Transformatio |       |       |       |     2 |     3 ||     5
Evoke: Wand              |       |       |     1 |       |    13 ||    14
       Sack of spiders   |       |       |       |       |     9 ||     9
  Use: Scroll            |     2 |     5 |     3 |     7 |    20 ||    37
       Potion            |       |     3 |     2 |     3 |    17 ||    25
 Stab: Distracted        |     1 |       |       |       |    12 ||    13
       Sleeping          |       |     1 |       |     2 |     1 ||     4
       Paralysed         |       |       |     2 |       |       ||     2
       Held in net/web   |       |       |       |     1 |     2 ||     3
  Eat: Chunk             |     2 |    12 |     9 |     6 |    12 ||    41
       Ration            |       |     1 |     3 |     4 |     2 ||    10
Armor: Robe              |    34 |    72 |    33 |     9 |     5 ||   153
       Skin              |       |     2 |     8 |    83 |   159 ||   252
Dodge: Dodged            |    63 |   146 |   185 |   296 |   440 ||  1130
Block: Other             |       |       |    20 |    27 |    46 ||    93
       Reflection        |       |       |       |     2 |       ||     2
